Map: At Eternity's Edge LE

Players

Vaeda (HiGhDrA)

  • Race: Protoss Protoss
  • League: Master
  • Spawn Location: 11:00

Harstem - Winner!

  • Race: Protoss Protoss
  • League: Grandmaster
  • Spawn Location: 5:00

Event: HomeStory Cup XXIX

VOD

Have the link to the VOD?

Description

Time

  • Played on: July 4, 2026, 8:30 a.m.
  • Length: 4:30

All games in this series

Show
View Real Time Build Order
Export as new Build Order

Vaeda Protoss 

Build Orders: Phoenix Opening 

Get SALT Encoding   

  8  0:00  Probe  
  9  0:12  Probe  
  10  0:24  Probe  
  10  0:28  Pylon  
  11  0:36  Probe  
  12  0:48  Probe (Chrono Boost)  
  13  0:54  Gateway  
  14  0:58  Probe (Chrono Boost)  
  14  1:03  Probe (Chrono Boost)  
  14  1:07  Assimilator  
  15  1:15  Probe (Chrono Boost)  
  15  1:17  Assimilator  
  16  1:27  Probe (Chrono Boost)  
  17  1:34  Probe (Chrono Boost)  
  18  1:41  Probe  
  18  1:43  Pylon  
  18  1:46  Cybernetics Core  
  19  1:53  Probe  
  20  2:04  Gateway  
  20  2:05  Probe  
  21  2:17  Probe  
  21  2:20  Pylon  
  22  2:23  Sentry  
  22  2:29  Probe  
  25  2:36  Pylon  
  25  2:37  Warp Gate (Chrono Boost)  
  25  2:42  Probe  
  26  2:51  Phoenix  
  26  2:54  Probe  
  27  3:08  Nexus  
  27  3:13  Sentry  
  27  3:18  Probe  
  30  3:27  Robotics Facility  
  30  3:30  Probe  
  33  3:34  Sentry  
  33  3:42  Probe  
  33  3:46  Shield Battery  
  33  3:47  Shield Battery  
  34  3:55  Pylon  
  32  4:00  Pylon  
Show
View Real Time Build Order
Export as new Build Order

Harstem Protoss - Winner!

Build Orders:  

Get SALT Encoding   

  8  0:00  Probe (Chrono Boost)  
  9  0:12  Probe (Chrono Boost)  
  10  0:17  Probe (Chrono Boost)  
  11  0:26  Probe  
  12  0:33  Pylon  
  12  0:38  Probe  
  13  0:51  Probe  
  13  0:54  Gateway  
  14  1:03  Probe (Chrono Boost)  
  15  1:04  Assimilator  
  16  1:12  Probe (Chrono Boost)  
  16  1:13  Assimilator  
  16  1:17  Probe (Chrono Boost)  
  17  1:29  Probe, Gateway  
  18  1:41  Probe  
  18  1:43  Cybernetics Core  
  19  1:53  Probe  
  20  1:57  Pylon  
  20  2:05  Probe  
  21  2:17  Warp Gate (Chrono Boost), Probe  
  21  2:20  Stalker  
  21  2:22  Stalker  
  26  2:32  Pylon  
  26  2:45  Probe  
  26  2:47  Stalker  
  26  2:50  Stalker  
  31  2:57  Probe  
  31  3:12  Probe  
  32  3:14  Stalker  
  32  3:17  Stalker  
  36  3:37  Pylon  
  36  3:43  Nexus  
  36  3:56  Stalker  
  38  4:07  Stalker  
  40  4:15  Probe  
  41  4:18  Stalker  
Tags
 
Add a new tag
Caveats
  • Supply blocks, unpowered buildings, or Contaminate may cause inaccurate times.
  • Supply counts are checked every 10 seconds.